 Dungeon Crawl Stone Soup version 0.30-a0-170-g85af917532 (webtiles) character file.

Game seed: 9052421609169121961

21638 qw the Cleaver (level 12, -1/77 HPs)
             Began as a Gargoyle Fighter on Sept 30, 2022.
             Was an Elder of Okawaru.
             Slain by a seven-headed hydra (7 damage)
             ... on level 4 of the Lair of Beasts.
             The game lasted 00:05:10 (15667 turns).

qw the Cleaver (Gargoyle Fighter)                  Turns: 15667, Time: 00:05:10

Health: -1/77      AC: 35    Str: 24    XL:     12   Next: 92%
Magic:  14/15      EV:  9    Int: 10    God:    Okawaru [****..]
Gold:   498        SH:  6    Dex:  9    Spells: 11/11 levels left

rFire   . . .      SeeInvis +    b - +2 flail (freeze)
rCold   . . .      Faith    .    c - +0 buckler
rNeg    + . .      Spirit   .    l - +0 plate armour
rPois   inf        Reflect  .    (no helmet)
rElec   +          Harm     .    r - +1 cloak
rCorr   .          Rampage  .    a - +2 pair of gloves
Will    +....                    t - +2 pair of boots
Stlth   ..........               (no amulet)
HPRegen 0.22/turn                e - ring of see invisible
MPRegen 0.14/turn                f - +4 ring of slaying {mikee}

@: heroic
A: sickness immunity, AC +8, negative energy resistance 1, electricity
resistance, torment resistance 1, petrification resistance, strong-willed 1,
subdued magic 1
a: Renounce Religion, Heroism, Finesse


You were on level 4 of the Lair of Beasts.
You worshipped Okawaru.
Okawaru was greatly pleased with you.
You visited 3 branches of the dungeon, and saw 15 of its levels.
You also visited: Sewer.

You collected 977 gold pieces.
You spent 479 gold pieces at shops.


Innate Abilities, Weirdness & Mutations

You are immune to sickness and miasma.
Your stone body is resilient. (AC +8)
You are immune to poison.
You resist negative energy. (rN+)
You are resistant to electric shocks. (rElec)
You are resistant to unholy torment.
You are immune to petrification.
You are strong-willed. (Will+)
Your spells are a little easier to cast, but a little less powerful.


   Skills:
 - Level 10.0(15.0) Fighting
 + Level 13.8(18.8) Axes
 - Level 5.0(10.0) Throwing
 - Level 10.0(15.0) Armour
 - Level 2.1(7.1) Dodging
 - Level 6.1(11.1) Shields
 + Level 4.5 Invocations


You had 11 spell levels left.
You didn't know any spells.
Your spell library was empty.

Inventory:

Hand Weapons
 b - a +2 flail of freezing (weapon)
 Y - a +4 war axe of electrocution
Missiles
 i - 7 javelins (quivered)
 s - 3 silver javelins
 y - 6 boomerangs
Armour
 a - a +2 pair of gloves (worn)
 c - a +0 buckler (worn)
 l - a +0 plate armour (worn)
 r - a +1 cloak (worn)
 t - a +2 pair of boots (worn)
Jewellery
 e - a ring of see invisible (left hand)
 f - a +4 ring of slaying (right hand) {mikee}
 v - a +4 ring of evasion
 w - a ring of protection from cold
 x - a ring of ice
Wands
 p - a wand of digging (7)
Scrolls
 g - 5 scrolls of identify
Potions
 d - 2 potions of might
 h - a potion of magic
 j - 3 potions of lignification
 k - 2 potions of mutation
 n - 2 potions of resistance
 o - 3 potions of curing
 q - 5 potions of cancellation
 u - a potion of attraction

Dungeon Overview and Level Annotations

Branches:
Dungeon (10/15)            Temple (1/1) D:7            Lair (4/5) D:10
 Shoals (0/4) Lair:3       Spider (0/4) Lair:3          Orc (0/2) D:10
  Sewer (visited)
  Slime: Lair:4-5

Altars:
Ashenzari
Cheibriados
Dithmenos
Elyvilon
Fedhas
Gozag
Hepliaklqana
Kikubaaqudgha
Makhleb
Nemelex Xobeh
Okawaru
Qazlal
Ru
Sif Muna
Trog
Uskayaw
Vehumet
Wu Jian
Xom
Yredelemnul
Zin
The Shining One

Shops:
D:3 :   D:5 *   D:7 *   D:8 =

Annotations:
D:3 3 runed translucent doors, qw's ghost, amateur GrFi
D:7 1 runed translucent door, Crazy Yiuf
Lair:1 1 runed translucent door


Message History

The blink frog hits you but does no damage.
The seven-headed hydra bites you but does no damage. x2
The seven-headed hydra bites you.
The seven-headed hydra bites you but does no damage. x2
You block the seven-headed hydra's attack.
The seven-headed hydra bites you but does no damage.
You miss the wolf.
The wolf is heavily wounded.
The wolf bites you but does no damage.
The blink frog blinks!
You hit the wolf but do no damage.
The wolf is heavily wounded.
You block the wolf's attack. The seven-headed hydra bites you!
The seven-headed hydra closely misses you.
The seven-headed hydra barely misses you.
You block the seven-headed hydra's attack.
The seven-headed hydra bites you.
The seven-headed hydra barely misses you.
The seven-headed hydra completely misses you.
You bludgeon the wolf!! You freeze the wolf.
You kill the wolf!
Okawaru accepts your kill. The seven-headed hydra bites you!
The seven-headed hydra bites you but does no damage. x2
The seven-headed hydra bites you!
You block the seven-headed hydra's attack.
The seven-headed hydra bites you but does no damage.
The seven-headed hydra closely misses you.
The blink frog blinks!
You sock the seven-headed hydra!
The seven-headed hydra seems to slow down.
You freeze the seven-headed hydra.
The seven-headed hydra is moderately wounded.
You bludgeon the seven-headed hydra!! You freeze the seven-headed hydra!
The seven-headed hydra is severely wounded.
The seven-headed hydra bites you! The seven-headed hydra bites you.
The seven-headed hydra bites you but does no damage.
The seven-headed hydra barely misses you.
The seven-headed hydra bites you but does no damage.
The seven-headed hydra bites you!
You die...

...#....######..#
.......P....#....#
.....P...P...#...#
....#.#.#.#P....#
...#.......#....#.
#.P.........P.....
...#...>...#.....!
......>8<%D..P..#
...#...<..@#..P.#
..P.............#
...#.......#....#
#..P#.#.#.#P.P..#
.#..F...........#
##P...P...P...##
######.....#.# ###
.###


You could see a seven-headed hydra (slow) and a blink frog.

Vanquished Creatures
  Fannar (Lair:2)
  2 hydras
  Urug (D:10)
  4 black mambas
  4 elephants
  4 cane toads (Lair:1)
  A rime drake (Lair:3)
  4 komodo dragons
  4 trolls
  Grinder (Sewer)
  4 blink frogs (Lair:1)
  Sigmund (D:6)
  2 wraiths (D:10)
  2 wyverns
  A shadow (D:9)
  36 yaks
  2 basilisks (Lair:3)
  Eustachio (D:6)
  2 steam dragons (D:7)
  2 acid dragons (D:9)
  Menkaure (D:7)
  3 water moccasins
  4 orc warriors
  An ice beast (D:6)
  2 sky beasts (D:8)
  7 wolves
  2 ogres
  4 centaurs
  A gnoll sergeant (D:9)
  5 kobold brigands
  10 bullfrogs
  3 necrophages
  2 scorpions
  12 wights
  4 killer bees (D:8)
  3 howler monkeys
  2 jellies
  7 hounds
  8 orc priests
  4 iguanas
  6 orc wizards
  5 hell rats (Lair:2)
  8 adders
  5 gnolls (D:9)
  7 river rats
  5 shadow imps
  A white imp (D:5)
  2 ufetubi
  2 worms (D:4)
  3 dart slugs
  33 orcs
  6 endoplasms
  6 giant cockroaches
  8 goblins
  4 hobgoblins
  11 jackals
  5 quokkas
  9 ball pythons
  6 bats
  3 frilled lizards
  36 kobolds
  14 rats
349 creatures vanquished.

Vanquished Creatures (others)
  10 fungi
  11 plants
21 creatures vanquished.

Grand Total: 370 creatures vanquished

Notes
Turn   | Place    | Note
-------+----------+-------------------------------------------
     0 | D:1      | qw the Gargoyle Fighter began the quest for the Orb.
     0 | D:1      | Reached XP level 1. HP: 14/14 MP: 1/1
     0 | D:1      | 0 ||| qw: Version: 0.2-a-12-gaebbb33
     0 | D:1      | 0 ||| qw: Game counter: 1646
     0 | D:1      | 0 ||| qw: Always use a shield: true
     0 | D:1      | 0 ||| qw: God list: Okawaru
     0 | D:1      | 0 ||| qw: Allow faded altars: false
     0 | D:1      | 0 ||| qw: Do Orc after D:15 true
     0 | D:1      | 0 ||| qw: Do second Lair branch before Depths: true
     0 | D:1      | 0 ||| qw: Lair rune preference: random
     0 | D:1      | 0 ||| qw: Plans: Normal, Zot:1-4, God:TSO, Crypt, Tomb,
                  | Pan, Slime:5, Hells, Abyss, Orb
     0 | D:1      | 0 ||| PLANNING D:1-11
    56 | D:1      | Reached skill level 2 in Axes
    97 | D:1      | Reached XP level 2. HP: 19/19 MP: 2/2
   110 | D:1      | 110 ||| Stepping ~*~*~tactically~*~*~ (stealth).
   163 | D:1      | Reached skill level 3 in Axes
   488 | D:1      | Reached XP level 3. HP: 21/23 MP: 3/3
   956 | D:1      | 956 ||| UPGRADING to +0 plate armour.
   966 | D:1      | 966 ||| DROPPING +0 scale mail.
   967 | D:1      | 967 ||| UPGRADING to ring of see invisible.
   968 | D:1      | 968 ||| UPGRADING to +6 ring of dexterity.
   969 | D:1      | 969 ||| READING scroll labelled ZUEVIA DUUZUP.
   974 | D:1      | 974 ||| READING scroll labelled YNWIST ADITRO.
   975 | D:1      | 975 ||| READING scroll labelled CUBOIS QYTEH.
   976 | D:1      | 976 ||| READING scroll labelled YGI HAMPOODEU.
   995 | D:2      | 995 ||| STAIRDANCE
  1005 | D:2      | 1005 ||| Stepping ~*~*~tactically~*~*~ (stealth).
  1006 | D:2      | 1006 ||| Stepping ~*~*~tactically~*~*~ (stealth).
  1009 | D:2      | 1009 ||| Stepping ~*~*~tactically~*~*~ (stealth).
  1056 | D:2      | 1056 ||| DROPPING +0 club.
  1104 | D:2      | Reached XP level 4. HP: 27/28 MP: 4/4
  1118 | D:2      | Reached skill level 4 in Axes
  1357 | D:2      | Found a basalt altar of Yredelemnul.
  1466 | D:2      | Found a faded altar of an unknown god.
  1642 | D:2      | 1642 ||| READING scroll labelled ICVIBRUNANA.
  1682 | D:3      | Reached XP level 5. HP: 12/32 MP: 5/5
  1690 | D:3      | Reached skill level 5 in Axes
  1889 | D:3      | 1889 ||| DROPPING +0 whip.
  1960 | D:3      | 1960 ||| Stepping ~*~*~tactically~*~*~ (stealth).
  1961 | D:3      | 1961 ||| Stepping ~*~*~tactically~*~*~ (stealth).
  2080 | D:3      | Found a runed translucent gate.
  2080 | D:3      | Found a runed translucent gate.
  2080 | D:3      | Noticed qw's ghost (amateur GrFi)
  2080 | D:3      | Noticed a kobold brigand
  2081 | D:3      | Found a runed translucent gate.
  2124 | D:3      | 2124 ||| READING scroll of enchant weapon.
  2124 | D:3      | 2124 ||| ENCHANTING +1 war axe.
  2207 | D:3      | You fall into a shaft and drop 1 floor!
  2210 | D:4      | 2210 ||| PLANNING SEWER
  2248 | D:4      | Reached skill level 1 in Dodging
  2335 | D:4      | Found a glowing drain.
  2336 | D:4      | 2336 ||| READING scroll labelled JATWIT VOMMESI.
  2337 | D:4      | 2337 ||| READING 2 scrolls labelled NAPTEA IHUE.
  2338 | D:4      | 2338 ||| READING scroll labelled MAIVVY XIADO.
  2339 | D:4      | 2339 ||| DROPPING scroll of noise.
  2345 | Sewer    | Entered a sewer
  2505 | Sewer    | Reached skill level 1 in Throwing
  2544 | Sewer    | 2544 ||| Stepping ~*~*~tactically~*~*~ (stealth).
  2545 | Sewer    | Noticed a kobold brigand
  2550 | Sewer    | Reached XP level 6. HP: 32/37 MP: 6/6
  2608 | Sewer    | Found an ancient bone altar of Kikubaaqudgha.
  2664 | Sewer    | Noticed Grinder
  2682 | Sewer    | Killed Grinder
  2683 | Sewer    | Reached skill level 6 in Axes
  2683 | Sewer    | Reached XP level 7. HP: 33/43 MP: 7/7
  2889 | Sewer    | 2889 ||| READING scroll labelled ETISHE CINLO.
  2890 | Sewer    | 2890 ||| DRINKING 3 inky potions.
  2891 | Sewer    | 2891 ||| DRINKING 2 emerald potions.
  2891 | Sewer    | Gained mutation: Your spells are a little easier to cast,
                  | but a little less powerful. [potion of mutation]
  2891 | Sewer    | Gained mutation: You are strong-willed. (Will+) [potion of
                  | mutation]
  2892 | Sewer    | 2892 ||| DRINKING 2 pink potions.
  2893 | Sewer    | 2893 ||| READING 2 scrolls of identify.
  2893 | Sewer    | 2893 ||| IDENTIFYING grey potion
  2894 | Sewer    | 2894 ||| DROPPING potion of degeneration.
  2929 | D:4      | 2929 ||| PLANNING D:1-11
  3058 | D:4      | 3058 ||| READING scroll labelled MIT FI URISICH.
  3090 | D:3      | Found Posag's Vocational Training.
  3123 | D:3      | Found a broken altar of Ashenzari.
  3317 | D:3      | Reached skill level 7 in Axes
  3474 | D:3      | 3474 ||| READING scroll labelled COAWKU GEAPNU.
  3475 | D:3      | 3475 ||| READING 2 scrolls of identify.
  3475 | D:3      | 3475 ||| IDENTIFYING fuming dark potion
  3476 | D:3      | 3476 ||| DROPPING potion of berserk rage.
  3628 | D:4      | 3628 ||| READING scroll of enchant weapon.
  3628 | D:4      | 3628 ||| ENCHANTING +2 war axe of electrocution.
  3661 | D:4      | Found a hazy altar of Hepliaklqana.
  3752 | D:4      | 3752 ||| Stepping ~*~*~tactically~*~*~ (stealth).
  3761 | D:4      | Reached XP level 8. HP: 33/49 MP: 8/8
  3858 | D:4      | 3858 ||| DROPPING +1 whip of venom.
  4279 | D:4      | 4279 ||| UPGRADING to +4 ring of slaying {mikee}.
  4281 | D:4      | 4281 ||| DROPPING +6 ring of dexterity.
  4282 | D:4      | 4282 ||| DRINKING 2 orange potions.
  4283 | D:4      | 4283 ||| DRINKING 2 viscous amethyst potions.
  4284 | D:4      | 4284 ||| READING 2 scrolls of identify.
  4284 | D:4      | 4284 ||| IDENTIFYING bubbling orange potion
  4285 | D:4      | 4285 ||| DROPPING potion of magic.
  4315 | D:5      | Entered Level 5 of the Dungeon
  4321 | D:5      | Found Xosijaqu's Neck Hole.
  4324 | D:5      | 4324 ||| BUYING +0 cloak (67 gold).
  4324 | D:5      | Bought a +0 cloak for 67 gold pieces
  4324 | D:5      | 4324 ||| BUYING +1 cloak (172 gold).
  4324 | D:5      | Bought a +1 cloak for 172 gold pieces
  4324 | D:5      | 4324 ||| SHOPLISTING amulet of guardian spirit (450 gold,
                  | have 13).
  4324 | D:5      | 4324 ||| SHOPLISTING scarf of resistance (480 gold, have
                  | 13).
  4353 | D:5      | 4353 ||| Stepping ~*~*~tactically~*~*~ (hiding).
  4416 | D:5      | 4416 ||| Stepping ~*~*~tactically~*~*~ (stealth).
  4590 | D:5      | 4590 ||| Stepping ~*~*~tactically~*~*~ (hiding).
  4704 | D:5      | Found an ornate altar of the Wu Jian Council.
  4864 | D:5      | Reached skill level 8 in Axes
  5106 | D:5      | Found a white marble altar of Elyvilon.
  5299 | D:5      | 5299 ||| UPGRADING to +0 cloak.
  5304 | D:5      | 5304 ||| UPGRADING to +1 cloak.
  5314 | D:5      | 5314 ||| DROPPING +0 cloak.
  5416 | D:6      | Reached skill level 6 in Fighting
  5453 | D:6      | Noticed Eustachio
  5454 | D:6      | 5454 ||| FLEEEEING.
  5455 | D:6      | 5455 ||| FLEEEEING.
  5456 | D:6      | 5456 ||| FLEEEEING.
  5457 | D:6      | 5457 ||| FLEEEEING.
  5466 | D:6      | Reached XP level 9. HP: 53/55 MP: 9/9
  5469 | D:6      | Noticed a troll
  5470 | D:6      | Killed Eustachio
  5471 | D:6      | Noticed Sigmund
  5476 | D:6      | Killed a troll
  5477 | D:6      | Reached skill level 9 in Axes
  5478 | D:6      | HP: 7/55 [Sigmund/+0 scythe (9)]
  5479 | D:6      | 5479 ||| READING 3 scrolls of teleportation.
  5480 | D:6      | 5480 ||| DRINKING 2 potions of curing.
  5480 | D:6      | 5480 ||| (to cure confusion)
  5842 | D:6      | 5842 ||| Stepping ~*~*~tactically~*~*~ (stealth).
  5845 | D:6      | Reached skill level 3 in Throwing
  5991 | D:6      | 5991 ||| Stepping ~*~*~tactically~*~*~ (stealth).
  5994 | D:6      | 5994 ||| Stepping ~*~*~tactically~*~*~ (stealth).
  6032 | D:6      | Found a blossoming altar of Fedhas.
  6125 | D:6      | Killed Sigmund
  6126 | D:6      | Reached skill level 6 in Armour
  6425 | D:6      | Found the +18 Lear's hauberk
  6572 | D:6      | 6572 ||| READING scroll labelled NIMIPAOMENK.
  6573 | D:6      | 6573 ||| READING scroll labelled DYNLAUXIFU.
  6611 | D:7      | 6611 ||| STAIRDANCE
  6620 | D:7      | 6620 ||| STAIRDANCE
  6722 | D:7      | Reached XP level 10. HP: 55/63 MP: 10/10
  6788 | D:7      | Reached skill level 10 in Axes
  6789 | D:7      | 6789 ||| Stepping ~*~*~tactically~*~*~ (cloud).
  6926 | D:7      | Found a sacrificial altar of Ru.
  7063 | D:7      | Found a stormy altar of Qazlal.
  7064 | D:7      | Found a shimmering altar of Xom.
  7156 | D:7      | 7156 ||| Stepping ~*~*~tactically~*~*~ (stealth).
  7158 | D:7      | 7158 ||| Stepping ~*~*~tactically~*~*~ (hiding).
  7177 | D:7      | 7177 ||| Stepping ~*~*~tactically~*~*~ (stealth).
  7178 | D:7      | 7178 ||| Stepping ~*~*~tactically~*~*~ (stealth).
  7188 | D:7      | 7188 ||| Stepping ~*~*~tactically~*~*~ (stealth).
  7215 | D:7      | Noticed Menkaure
  7216 | D:7      | 7216 ||| Stepping ~*~*~tactically~*~*~ (hiding).
  7222 | D:7      | Killed Menkaure
  7434 | D:7      | 7434 ||| DROPPING +0 flail.
  7441 | D:7      | 7441 ||| DROPPING +3 flail.
  7486 | D:7      | Found a staircase to the Ecumenical Temple.
  7487 | D:7      | 7487 ||| PLANNING TEMPLE
  7487 | D:7      | 7487 ||| DROPPING +1 cloak.
  7488 | D:7      | 7488 ||| UPGRADING to +2 pair of boots.
  7493 | D:7      | 7493 ||| READING 2 scrolls of identify.
  7493 | D:7      | 7493 ||| IDENTIFYING murky cyan potion
  7500 | Temple   | Entered the Ecumenical Temple
  7534 | Temple   | 7534 ||| PLANNING D:1-11
  7595 | D:7      | Found a radiant altar of Vehumet.
  7689 | D:7      | Found Wykhuf's Assorted Antiques.
  7694 | D:7      | 7694 ||| SHOPLISTING glowing gold dragon scales (2241 gold,
                  | have 241).
  7694 | D:7      | 7694 ||| BUYING potion of heal wounds (135 gold).
  7694 | D:7      | Bought a potion of heal wounds for 135 gold pieces
  7694 | D:7      | 7694 ||| SHOPLISTING potion of heal wounds (135 gold, have
                  | 106).
  7694 | D:7      | 7694 ||| BUYING purple potion (24 gold).
  7694 | D:7      | Bought a purple potion for 24 gold pieces
  7694 | D:7      | 7694 ||| BUYING scroll of teleportation (81 gold).
  7694 | D:7      | Bought a scroll of teleportation for 81 gold pieces
  7748 | D:7      | Found a runed translucent door.
  7749 | D:7      | Noticed Crazy Yiuf
  7752 | D:7      | 7752 ||| DRINKING 2 green potions.
  7805 | D:8      | 7805 ||| Stepping ~*~*~tactically~*~*~ (stealth).
  7814 | D:8      | 7814 ||| FLEEEEING.
  7815 | D:8      | 7815 ||| FLEEEEING.
  7816 | D:8      | 7816 ||| FLEEEEING.
  7817 | D:8      | 7817 ||| FLEEEEING.
  7818 | D:8      | 7818 ||| FLEEEEING.
  7819 | D:8      | 7819 ||| FLEEEEING.
  7820 | D:8      | 7820 ||| FLEEEEING.
  7873 | D:8      | 7873 ||| Stepping ~*~*~tactically~*~*~ (hiding).
  7882 | D:8      | 7882 ||| Stepping ~*~*~tactically~*~*~ (hiding).
  7889 | D:8      | 7889 ||| Stepping ~*~*~tactically~*~*~ (hiding).
  8081 | D:8      | 8081 ||| Stepping ~*~*~tactically~*~*~ (hiding).
  8227 | D:8      | 8227 ||| Stepping ~*~*~tactically~*~*~ (hiding).
  8350 | D:8      | 8350 ||| Stepping ~*~*~tactically~*~*~ (hiding).
  8569 | D:8      | Found Nafrip's Jewellery Boutique.
  8575 | D:8      | 8575 ||| SHOPLISTING +4 ring of evasion (432 gold, have
                  | 55).
  8575 | D:8      | 8575 ||| SHOPLISTING ring of ice (300 gold, have 55).
  8768 | D:8      | 8768 ||| Stepping ~*~*~tactically~*~*~ (hiding).
  8937 | D:8      | 8937 ||| READING scroll of enchant weapon.
  8937 | D:8      | 8937 ||| ENCHANTING +3 war axe of electrocution.
  9076 | D:8      | 9076 ||| DRINKING 2 purple potions.
  9077 | D:8      | 9077 ||| DROPPING potion of brilliance.
  9126 | D:9      | 9126 ||| FLEEEEING.
  9127 | D:9      | 9127 ||| FLEEEEING.
  9128 | D:9      | 9128 ||| FLEEEEING.
  9129 | D:9      | 9129 ||| FLEEEEING.
  9130 | D:9      | 9130 ||| FLEEEEING.
  9131 | D:9      | 9131 ||| FLEEEEING.
  9132 | D:9      | 9132 ||| FLEEEEING.
  9133 | D:9      | 9133 ||| FLEEEEING.
  9134 | D:9      | 9134 ||| FLEEEEING.
  9137 | D:9      | 9137 ||| FLEEEEING.
  9138 | D:9      | 9138 ||| FLEEEEING.
  9139 | D:9      | 9139 ||| STAIRDANCE
  9220 | D:9      | Reached skill level 11 in Axes
  9257 | D:9      | 9257 ||| Stepping ~*~*~tactically~*~*~ (hiding).
  9270 | D:9      | 9270 ||| FLEEEEING.
  9276 | D:9      | 9276 ||| FLEEEEING.
  9277 | D:9      | 9277 ||| FLEEEEING.
  9278 | D:9      | 9278 ||| FLEEEEING.
  9279 | D:9      | 9279 ||| FLEEEEING.
  9280 | D:9      | 9280 ||| FLEEEEING.
  9281 | D:9      | 9281 ||| FLEEEEING.
  9282 | D:9      | 9282 ||| STAIRDANCE
  9383 | D:9      | 9383 ||| Stepping ~*~*~tactically~*~*~ (hiding).
  9599 | D:9      | Found a sparkling altar of Nemelex Xobeh.
  9901 | D:9      | 9901 ||| DROPPING +6 ring of strength.
  9902 | D:9      | 9902 ||| READING 2 scrolls labelled FENYEPU SURUING.
  9903 | D:9      | 9903 ||| DROPPING scroll of immolation.
  9909 | D:10     | Entered Level 10 of the Dungeon
  9909 | D:10     | Found a staircase to the Lair.
  9916 | D:10     | 9916 ||| DROPPING +1 flail of draining.
  9936 | D:10     | Found an opulent altar of Gozag.
  9938 | D:10     | 9938 ||| FLEEEEING.
  9939 | D:10     | 9939 ||| FLEEEEING.
  9940 | D:10     | 9940 ||| FLEEEEING.
  9941 | D:10     | 9941 ||| FLEEEEING.
  9942 | D:10     | 9942 ||| FLEEEEING.
  9948 | D:10     | 9948 ||| FLEEEEING.
  9949 | D:10     | 9949 ||| FLEEEEING.
  9950 | D:10     | 9950 ||| FLEEEEING.
  9951 | D:10     | 9951 ||| FLEEEEING.
  9969 | D:10     | 9969 ||| Stepping ~*~*~tactically~*~*~ (hiding).
  9972 | D:10     | Noticed Urug
  9976 | D:10     | 9976 ||| Stepping ~*~*~tactically~*~*~ (hiding).
  9978 | D:10     | Reached XP level 11. HP: 57/69 MP: 11/11
  9983 | D:10     | Reached skill level 9 in Fighting
  9987 | D:10     | HP: 16/71 [Urug/+4 demon trident of electrocution (5)]
  9987 | D:10     | HP: 7/71 [Urug/+4 demon trident of electrocution (9)]
  9988 | D:10     | 9988 ||| READING 6 scrolls of teleportation.
  9989 | D:10     | 9989 ||| DRINKING 4 potions of heal wounds.
  9996 | D:10     | HP: 16/71 [yak (5)]
  9997 | D:10     | 9997 ||| READING 5 scrolls of teleportation.
  9998 | D:10     | 9998 ||| DRINKING 3 potions of heal wounds.
 10035 | D:10     | 10035 ||| FLEEEEING.
 10158 | D:10     | Found a bloodstained altar of Trog.
 10166 | D:10     | Identified the +0 dagger "Kycadghin" {vorpal, rElec rCorr
                  | Int-3}
 10170 | D:10     | Found a snail-covered altar of Cheibriados.
 10172 | D:10     | Found a flagged portal.
 10180 | D:10     | 10180 ||| Stepping ~*~*~tactically~*~*~ (stealth).
 10181 | D:10     | 10181 ||| Stepping ~*~*~tactically~*~*~ (stealth).
 10288 | D:10     | 10288 ||| READING 4 scrolls of teleportation.
 10307 | D:10     | 10307 ||| Stepping ~*~*~tactically~*~*~ (stealth).
 10323 | D:10     | 10323 ||| Stepping ~*~*~tactically~*~*~ (hiding).
 10324 | D:10     | 10324 ||| Stepping ~*~*~tactically~*~*~ (hiding).
 10354 | D:10     | 10354 ||| FLEEEEING.
 10355 | D:10     | 10355 ||| FLEEEEING.
 10356 | D:10     | 10356 ||| FLEEEEING.
 10357 | D:10     | 10357 ||| FLEEEEING.
 10358 | D:10     | 10358 ||| FLEEEEING.
 10359 | D:10     | 10359 ||| FLEEEEING.
 10360 | D:10     | 10360 ||| FLEEEEING.
 10361 | D:10     | 10361 ||| FLEEEEING.
 10362 | D:10     | 10362 ||| FLEEEEING.
 10363 | D:10     | 10363 ||| FLEEEEING.
 10364 | D:10     | 10364 ||| FLEEEEING.
 10365 | D:10     | 10365 ||| FLEEEEING.
 10366 | D:10     | 10366 ||| FLEEEEING.
 10367 | D:10     | 10367 ||| FLEEEEING.
 10368 | D:10     | 10368 ||| FLEEEEING.
 10369 | D:10     | 10369 ||| FLEEEEING.
 10370 | D:10     | 10370 ||| FLEEEEING.
 10371 | D:10     | 10371 ||| FLEEEEING.
 10372 | D:10     | 10372 ||| FLEEEEING.
 10373 | D:10     | 10373 ||| FLEEEEING.
 10374 | D:10     | 10374 ||| FLEEEEING.
 10375 | D:10     | 10375 ||| FLEEEEING.
 10380 | D:10     | 10380 ||| FLEEEEING.
 10381 | D:10     | 10381 ||| FLEEEEING.
 10382 | D:10     | 10382 ||| FLEEEEING.
 10383 | D:10     | 10383 ||| FLEEEEING.
 10439 | D:10     | Found a hide-covered altar of Uskayaw.
 10441 | D:10     | Found an iron altar of Okawaru.
 10442 | D:10     | 10442 ||| PLANNING OKAWARU WORSHIP
 10444 | D:10     | Became a worshipper of Warmaster Okawaru
 10445 | D:10     | 10445 ||| PLANNING D:1-11
 10532 | D:10     | HP: 7/71 [Urug/+4 demon trident of electrocution (20)]
 10533 | D:10     | 10533 ||| READING 3 scrolls of teleportation.
 10534 | D:10     | 10534 ||| DRINKING 2 potions of heal wounds.
 10538 | D:10     | 10538 ||| FLEEEEING.
 10549 | D:10     | 10549 ||| FLEEEEING.
 10550 | D:10     | 10550 ||| FLEEEEING.
 10551 | D:10     | 10551 ||| FLEEEEING.
 10552 | D:10     | 10552 ||| FLEEEEING.
 10553 | D:10     | 10553 ||| FLEEEEING.
 10554 | D:10     | 10554 ||| FLEEEEING.
 10555 | D:10     | 10555 ||| FLEEEEING.
 10556 | D:10     | 10556 ||| FLEEEEING.
 10557 | D:10     | 10557 ||| FLEEEEING.
 10562 | D:10     | 10562 ||| STAIRDANCE
 10847 | D:10     | 10847 ||| Stepping ~*~*~tactically~*~*~ (hiding).
 10972 | D:10     | Found a staircase to the Orcish Mines.
 11009 | D:10     | 11009 ||| Stepping ~*~*~tactically~*~*~ (stealth).
 11011 | D:10     | 11011 ||| Stepping ~*~*~tactically~*~*~ (hiding).
 11021 | D:10     | HP: 17/71 [Urug/+4 demon trident of electrocution (8)]
 11022 | D:10     | 11022 ||| READING 2 scrolls of teleportation.
 11022 | D:10     | HP: 3/71 [Urug/+4 demon trident of electrocution (14)]
 11023 | D:10     | 11023 ||| DRINKING potion of heal wounds.
 11224 | D:10     | 11224 ||| READING scroll of teleportation.
 11369 | D:10     | 11369 ||| Stepping ~*~*~tactically~*~*~ (stealth).
 11370 | D:10     | 11370 ||| Stepping ~*~*~tactically~*~*~ (stealth).
 11389 | D:10     | Killed Urug
 11390 | D:10     | Reached skill level 12 in Axes
 11676 | D:10     | 11676 ||| PLANNING LAIR
 11676 | D:10     | 11676 ||| DROPPING ring of flight.
 11711 | Lair:1   | Entered Level 1 of the Lair of Beasts
 11718 | Lair:1   | Reached * piety under Okawaru
 11719 | Lair:1   | Reached skill level 6 in Shields
 11845 | Lair:1   | 11845 ||| Stepping ~*~*~tactically~*~*~ (stealth).
 11846 | Lair:1   | 11846 ||| Stepping ~*~*~tactically~*~*~ (stealth).
 11847 | Lair:1   | 11847 ||| INVOKING Heroism.
 12089 | Lair:1   | 12089 ||| INVOKING Heroism.
 12097 | Lair:1   | Reached skill level 1 in Invocations
 12097 | Lair:1   | 12097 ||| Stepping ~*~*~tactically~*~*~ (stealth).
 12107 | Lair:1   | 12107 ||| INVOKING Heroism.
 12205 | Lair:1   | 12205 ||| Stepping ~*~*~tactically~*~*~ (stealth).
 12209 | Lair:1   | 12209 ||| Stepping ~*~*~tactically~*~*~ (stealth).
 12243 | Lair:1   | Found the +8 autumn katana {vorpal, manifold assault}
 12245 | Lair:1   | 12245 ||| INVOKING Heroism.
 12322 | Lair:1   | Reached ** piety under Okawaru
 12323 | Lair:1   | 12323 ||| Stepping ~*~*~tactically~*~*~ (stealth).
 12324 | Lair:1   | 12324 ||| Stepping ~*~*~tactically~*~*~ (stealth).
 12327 | Lair:1   | 12327 ||| Stepping ~*~*~tactically~*~*~ (stealth).
 12328 | Lair:1   | 12328 ||| Stepping ~*~*~tactically~*~*~ (stealth).
 12330 | Lair:1   | 12330 ||| INVOKING Heroism.
 12336 | Lair:1   | Reached skill level 3 in Invocations
 12339 | Lair:1   | 12339 ||| Stepping ~*~*~tactically~*~*~ (stealth).
 12347 | Lair:1   | 12347 ||| INVOKING Heroism.
 12356 | Lair:1   | Reached skill level 9 in Armour
 12438 | Lair:1   | 12438 ||| INVOKING Heroism.
 12445 | Lair:1   | Reached XP level 12. HP: 76/76 MP: 11/15
 12531 | Lair:1   | Noticed a six-headed hydra
 12532 | Lair:1   | 12532 ||| INVOKING Heroism.
 12535 | Lair:1   | 12535 ||| SWAPPING to +2 flail of freezing.
 12542 | Lair:1   | Killed a six-headed hydra
 12543 | Lair:1   | 12543 ||| SWAPPING to +4 war axe of electrocution.
 12552 | Lair:1   | 12552 ||| Stepping ~*~*~tactically~*~*~ (stealth).
 12553 | Lair:1   | 12553 ||| Stepping ~*~*~tactically~*~*~ (stealth).
 12621 | Lair:1   | 12621 ||| INVOKING Heroism.
 12852 | Lair:1   | Found a runed translucent door.
 13109 | Lair:1   | 13109 ||| UPGRADING to +2 pair of gloves.
 13230 | Lair:2   | 13230 ||| INVOKING Heroism.
 13297 | Lair:2   | 13297 ||| Stepping ~*~*~tactically~*~*~ (stealth).
 13309 | Lair:2   | 13309 ||| Stepping ~*~*~tactically~*~*~ (stealth).
 13310 | Lair:2   | 13310 ||| Stepping ~*~*~tactically~*~*~ (stealth).
 13323 | Lair:2   | 13323 ||| Stepping ~*~*~tactically~*~*~ (stealth).
 13324 | Lair:2   | 13324 ||| Stepping ~*~*~tactically~*~*~ (stealth).
 13331 | Lair:2   | 13331 ||| Stepping ~*~*~tactically~*~*~ (stealth).
 13399 | Lair:2   | 13399 ||| Stepping ~*~*~tactically~*~*~ (stealth).
 13400 | Lair:2   | 13400 ||| Stepping ~*~*~tactically~*~*~ (stealth).
 13405 | Lair:2   | 13405 ||| Stepping ~*~*~tactically~*~*~ (stealth).
 13407 | Lair:2   | 13407 ||| Stepping ~*~*~tactically~*~*~ (stealth).
 13410 | Lair:2   | 13410 ||| Stepping ~*~*~tactically~*~*~ (stealth).
 13413 | Lair:2   | 13413 ||| Stepping ~*~*~tactically~*~*~ (stealth).
 13415 | Lair:2   | 13415 ||| Stepping ~*~*~tactically~*~*~ (stealth).
 13420 | Lair:2   | 13420 ||| INVOKING Heroism.
 13430 | Lair:2   | Reached *** piety under Okawaru
 13463 | Lair:2   | Noticed Fannar
 13471 | Lair:2   | 13471 ||| INVOKING Heroism.
 13484 | Lair:2   | Killed Fannar
 13485 | Lair:2   | Reached skill level 13 in Axes
 13778 | Lair:2   | Found a burning altar of Makhleb.
 13883 | Lair:2   | 13883 ||| Stepping ~*~*~tactically~*~*~ (stealth).
 13892 | Lair:2   | 13892 ||| INVOKING Heroism.
 13901 | Lair:2   | 13901 ||| Stepping ~*~*~tactically~*~*~ (stealth).
 13906 | Lair:2   | 13906 ||| Stepping ~*~*~tactically~*~*~ (stealth).
 13941 | Lair:2   | 13941 ||| Stepping ~*~*~tactically~*~*~ (stealth).
 13949 | Lair:2   | 13949 ||| Stepping ~*~*~tactically~*~*~ (stealth).
 13977 | Lair:2   | 13977 ||| Stepping ~*~*~tactically~*~*~ (stealth).
 13998 | Lair:2   | 13998 ||| Stepping ~*~*~tactically~*~*~ (stealth).
 14349 | Lair:3   | Found a staircase to the Shoals.
 14389 | Lair:3   | Noticed a seven-headed hydra
 14390 | Lair:3   | 14390 ||| INVOKING Heroism.
 14391 | Lair:3   | 14391 ||| SWAPPING to +2 flail of freezing.
 14398 | Lair:3   | Killed a seven-headed hydra
 14399 | Lair:3   | 14399 ||| SWAPPING to +4 war axe of electrocution.
 14572 | Lair:3   | 14572 ||| Stepping ~*~*~tactically~*~*~ (stealth).
 14749 | Lair:3   | Reached **** piety under Okawaru
 14812 | Lair:3   | 14812 ||| Stepping ~*~*~tactically~*~*~ (hiding).
 14815 | Lair:3   | 14815 ||| INVOKING Heroism.
 14912 | Lair:3   | Found a hole to the Spider Nest.
 14922 | Lair:3   | 14922 ||| DROPPING amulet of guardian spirit.
 14923 | Lair:3   | 14923 ||| READING 7 scrolls of identify.
 14923 | Lair:3   | 14923 ||| IDENTIFYING fizzy golden potion
 14924 | Lair:3   | 14924 ||| READING 6 scrolls of identify.
 14924 | Lair:3   | 14924 ||| IDENTIFYING dark potion
 14966 | Lair:3   | 14966 ||| DROPPING potion of ambrosia.
 14967 | Lair:3   | 14967 ||| DROPPING potion of invisibility.
 14967 | Lair:3   | HP: 17/77 [disintegration (60)]
 14968 | Lair:3   | 14968 ||| FLEEEEING.
 15245 | Lair:3   | 15245 ||| READING scroll of teleportation.
 15246 | Lair:3   | 15246 ||| FLEEEEING.
 15247 | Lair:3   | 15247 ||| FLEEEEING.
 15248 | Lair:3   | 15248 ||| FLEEEEING.
 15249 | Lair:3   | 15249 ||| INVOKING Heroism.
 15654 | Lair:4   | 15654 ||| INVOKING Heroism.
 15654 | Lair:4   | Noticed a seven-headed hydra
 15657 | Lair:4   | 15657 ||| SWAPPING to +2 flail of freezing.
 15659 | Lair:4   | 15659 ||| Stepping ~*~*~tactically~*~*~ (outnumbered).
 15660 | Lair:4   | 15660 ||| Stepping ~*~*~tactically~*~*~ (outnumbered).
 15661 | Lair:4   | 15661 ||| Stepping ~*~*~tactically~*~*~ (outnumbered).
 15665 | Lair:4   | HP: 18/77 [seven-headed hydra (12)]
 15667 | Lair:4   | HP: 7/77 [seven-headed hydra (12)]
 15667 | Lair:4   | Slain by a seven-headed hydra

Levels and vault maps discovered:
D:1:      dpeg_arrival_prison, layout_basic
D:2:      minmay_diamond_boxcup, layout_basic, basic_altar,
          chequers_ecumenical_altar_simple, minmay_misc_feat_more_columns
D:3:      layout_basic, nicolae_ashenzari_skybound,
          gammafunk_ghost_nasty_kobolds, nicolae_shop_vocational
D:4:      layout_basic, nicolae_hepliaklqana_hazy_memory,
          gup_sewer_entry_bubbles, interstate_on_off
D:5:      lemuel_ice_spiral_2, layout_basic, mainiacjoe_overflow_catwalk,
          mainiacjoe_overflow_six_doors_small, nicolae_shop_sticking_my_neck_out
D:6:      layout_cave_pods, overflow_temple_1_default, serial_column_ruins,
          column_ruins_hut, column_ruins_hut, column_ruins_open_small,
          column_ruins_open_small, column_ruins_grid_1,
          column_ruins_columns_dead_end, hellmonk_guarded_unrand_lears,
          uniq_eustachio, uniq_sigmund
D:7:      layout_loops_ring, nicolae_ru_awakened_eye,
          grunt_temple_overflow_open, overflow_temple_1_default,
          minmay_temple_entry_enclosed_plants, serial_shops, shop,
          uniq_menkaure, uniq_crazy_yiuf_cottage
D:8:      layout_basic, serial_shops, nicolae_shop_trees
D:9:      layout_irregular_city, mainiacjoe_overflow_boulevard
D:10:     layout_loops_ring, minitemple, lair_entry_dummy, hiddenorc1_lemuel,
          enter_bailey_2, minmay_strange_pillars, palyth_stone_intersect,
          hex_large, uniq_urug
Temple:   nicolae_temple_ecumenical_triangle
Lair:1:   dreamdust_labyrinth, layout_chaotic_city
Lair:2:   layout_cellular_growth, basic_altar, kennysheep_abandoned_house,
          uniq_fannar
Lair:3:   layout_misc_corridors, elwin_shoals_entry_rocks,
          nicolae_spider_entry_orb_guardian, lemuel_fruit_tree
Lair:4:   layout_gridlike, basic_altar, evilmike_ambush
          [evilmike_ambush_outer_pillars, evilmike_ambush_inner_basic]

Skill      XL: |  1  2  3  4  5  6  7  8  9 10 11 12 |
---------------+-------------------------------------+-----
Axes           | 2 3 4 5 6 7 8 9 11 12 13 | 13.8
Dodging        | 1 2 |  2.1
Throwing       | 1 2 3 4 5 |  5.0
Fighting       | 4 5 6 7 8 9 10 | 10.0
Armour         | 5 6 7 9 10 | 10.0
Shields        | 4 5 6 |  6.1
Invocations    | 4 |  4.5

Action                   |  1- 3 |  4- 6 |  7- 9 | 10-12 || total
-------------------------+-------+-------+-------+-------++-------
Melee: War axe           |   104 |   134 |   148 |   393 ||   779
       Flail             |       |       |       |    20 ||    20
Throw: Boomerang         |       |    13 |       |     5 ||    18
       Javelin           |       |       |    21 |   126 ||   147
Invok: Heroism           |       |       |       |    17 ||    17
  Use: Scroll            |     4 |     5 |    10 |    12 ||    31
       Potion            |       |       |     6 |     6 ||    12
Armor: Scale mail        |    44 |       |       |       ||    44
       Plate armour      |    11 |    86 |    66 |   272 ||   435
Dodge: Dodged            |    55 |    40 |    42 |   124 ||   261
Block: Buckler           |    20 |    24 |    28 |    87 ||   159

Table legend:
 A = Non-vault XP
 B = Vault XP
 C = Vault XP percentage of total XP
 D = Non-vault monster count
 E = Vault monster count
 F = Vault count percentage of total count
                 A         B        C        D         E       F
            +---------+---------+-------+---------+---------+-------
      Total |   26561 |    4351 |  14.1 |     262 |      87 |  24.9
            +---------+---------+-------+---------+---------+-------
        D:1 |      46 |       2 |   4.2 |      27 |       2 |   6.9
        D:2 |      19 |      60 |  75.9 |      11 |       8 |  42.1
        D:3 |     133 |       0 |   0.0 |      19 |       0 |   0.0
        D:4 |     523 |      29 |   5.3 |      16 |       6 |  27.3
        D:5 |     690 |       0 |   0.0 |      16 |       0 |   0.0
        D:6 |    1522 |     710 |  31.8 |      31 |       3 |   8.8
        D:7 |    1718 |     157 |   8.4 |      22 |       1 |   4.3
        D:8 |    1454 |       0 |   0.0 |      21 |       0 |   0.0
        D:9 |    1231 |       0 |   0.0 |      16 |       0 |   0.0
       D:10 |    3971 |    1077 |  21.3 |      25 |      18 |  41.9
     Lair:1 |    6032 |       0 |   0.0 |      21 |       0 |   0.0
     Lair:2 |    4088 |    1591 |  28.0 |      23 |      21 |  47.7
     Lair:3 |    5134 |       0 |   0.0 |      14 |       0 |   0.0
     Lair:4 |       0 |     115 | 100.0 |       0 |       1 | 100.0
      Sewer |       0 |     610 | 100.0 |       0 |      27 | 100.0
            +---------+---------+-------+---------+---------+-------
